 Dungeon Crawl Stone Soup version 0.28-a0-863-g8cecda6153 (webtiles) character file.

Game seed: 5978228044128737091

353637 blank1 the Conqueror (level 21, -2/220 (224) HPs)
             Began as a Minotaur Fighter on Nov 19, 2021.
             Was the Champion of Okawaru.
             Killed from afar by a hellion (23 damage)
             ... with damnation
             ... in a wizard's laboratory.
             The game lasted 02:10:20 (40560 turns).

blank1 the Conqueror (Minotaur Fighter)            Turns: 40560, Time: 02:10:21

HP:   -2/220 (224)  AC: 50    Str: 28    XL:     21   Next: 34%
MP:   31/31         EV: 15    Int: 12    God:    Okawaru [******]
Gold: 3882          SH: 14    Dex: 16    Spells: 20/20 levels left

rFire   + . .      SeeInvis +   v - +7 Singing Sword {vorpal, sonic wave}
rCold   + . .      Faith    .   X - +0 kite shield {AC+3}
rNeg    + . .      Spirit   .   c - +10 gold dragon scales
rPois   +          Reflect  .   M - +0 mask of the Dragon {Will+ Slay+3 SInv}
rElec   .          Harm     .   U - +0 cloak of the Apprentice {Contam Int+2 Slay+5 SInv}
rCorr   +          Rampage  .   k - +2 pair of gloves {Str+3}
Will    ++...                   Q - +0 pair of boots {Fly}
Stlth   ..........              q - amulet of regeneration
HPRegen 1.46/turn               P - ring "Kiotosch" {rN+ rCorr Int+5 Stlth-}
MPRegen 0.22/turn               f - +4 ring of protection

@: flying, studying 2 skills, lightly drained
A: horns 2, retaliatory headbutt
}: 2/15 runes: decaying, serpentine
a: Renounce Religion, Heroism, Finesse, Duel


You were in a wizard's laboratory.
You worshipped Okawaru.
Okawaru was exalted by your worship.
You visited 8 branches of the dungeon, and saw 38 of its levels.
You also visited: Sewer, Bailey, Gauntlet, Ice Cave and Wizlab.

You collected 8037 gold pieces.
You spent 4155 gold pieces at shops.

Inventory:

Hand Weapons
 v - the +7 Singing Sword (weapon) {vorpal, sonic wave}
   (You found it on level 5 of the Dungeon)

   It inflicts extra damage upon your enemies.
   It radiates damaging sonic waves as it strikes, especially in combat
   involving dangerous or numerous foes.
 z - the +9 long sword "Demon's Funeral" {vorpal, rF+ Int+4 Dex+4 Stlth-}
   (You found it on level 7 of the Dungeon)

   It inflicts extra damage upon your enemies.
   Int:       It affects your intelligence (+4).
   Dex:       It affects your dexterity (+4).
   rF:        It protects you from fire.
   Stlth:     It makes you less stealthy.
 I - the +10 scimitar of Valour {flame, +Blink}
   (You found it on level 3 of the Vaults)

   It burns those it strikes, dealing additional fire damage.
   Big, fiery blades are also staple armaments of hydra-hunters.
   +Blink:    It lets you blink.
Missiles
 C - 10 throwing nets (quivered)
Armour
 c - +10 gold dragon scales (worn)
 k - a +2 pair of gloves of strength (worn)
 M - the +0 mask of the Dragon (worn) {Will+ Slay+3 SInv}
   (You found it on level 2 of the Orcish Mines)

   Slay:      It affects your accuracy & damage with ranged weapons and melee
   (+3).
   SInv:      It lets you see invisible.
   Will:      It increases your willpower.
 Q - a +0 pair of boots of flying (worn)
 U - the +0 cloak of the Apprentice (worn) {Contam Int+2 Slay+5 SInv}
   (You acquired it on level 14 of the Dungeon)

   Int:       It affects your intelligence (+2).
   Slay:      It affects your accuracy & damage with ranged weapons and melee
   (+5).
   SInv:      It lets you see invisible.
   Contam:    It causes magical contamination when unequipped.
 X - a +0 kite shield of protection (worn)
Jewellery
 f - a +4 ring of protection (right hand)
 q - an amulet of regeneration (around neck)
 w - a ring of flight
 J - an amulet of reflection
 P - the ring "Kiotosch" (left hand) {rN+ rCorr Int+5 Stlth-}
   (You acquired it on level 2 of the Swamp)

   [ring of positive energy]

   Int:       It affects your intelligence (+5).
   rN:        It protects you from negative energy.
   rCorr:     It protects you from acid and corrosion.
   Stlth:     It makes you less stealthy.
Wands
 n - a wand of polymorph (4)
 s - a wand of iceblast (27)
 u - a wand of digging (13)
 x - a wand of mindburst (16)
 y - a wand of flame (149)
 D - a wand of paralysis (37)
 T - a wand of acid (14)
Scrolls
 a - 5 scrolls of brand weapon
 b - 8 scrolls of immolation
 e - 13 scrolls of teleportation
 j - 3 scrolls of blinking
 p - 6 scrolls of fog
 r - 4 scrolls of fear
 B - 5 scrolls of amnesia
 E - 7 scrolls of enchant weapon
 O - a scroll of magic mapping
 V - 9 scrolls of identify
 W - 2 scrolls of silence
Potions
 d - 14 potions of might
 g - 2 potions of brilliance
 i - 4 potions of attraction
 l - 7 potions of flight
 m - 4 potions of magic
 o - 14 potions of curing
 t - 3 potions of berserk rage
 A - 8 potions of haste
 G - 7 potions of cancellation
 H - 6 potions of invisibility
 K - a potion of ambrosia
 L - 8 potions of lignification
 N - 2 potions of heal wounds
 R - 8 potions of mutation


   Skills:
 O Level 27 Fighting
 - Level 17.0 Long Blades
 - Level 8.0 Axes
 + Level 24.5 Armour
 + Level 17.3 Dodging
 - Level 16.0 Shields
 + Level 15.5 Invocations


You had 20 spell levels left.
You didn't know any spells.
Your spell library contained the following spells:

 Spells                   Type           Power      Damage    Failure   Level
 Apportation              Tloc           0%         N/A       94%         1
 Foxfire                  Conj/Fire      0%         2x1d4     94%         1
 Freeze                   Ice            0%         1d3       94%         1
 Magic Dart               Conj           0%         1d3       94%         1
 Pain                     Necr           0%         1d4       94%         1
 Sandblast                Erth           0%         2d4       94%         1
 Shock                    Conj/Air       0%         1d3       94%         1
 Slow                     Hex            0%         N/A       94%         1
 Corpse Rot               Necr/Air       0%         N/A       98%         2
 Ensorcelled Hibernation  Hex/Ice        0%         N/A       98%         2
 Passwall                 Tmut/Erth      0%         N/A       98%         2
 Sublimation of Blood     Necr           0%         N/A       98%         2
 Confusing Touch          Hex            0%         N/A       100%        3
 Conjure Flame            Conj/Fire      0%         6-21      100%        3
 Dazzling Flash           Conj/Hex       0%         N/A       100%        3
 Frozen Ramparts          Ice            0%         1d2       100%        3
 Gell's Gravitas          Tloc           0%         N/A       100%        3
 Ignite Poison            Fire/Tmut/Pois 0%         N/A       100%        3
 Inner Flame              Hex/Fire       0%         N/A       100%        3
 Mephitic Cloud           Conj/Pois/Air  0%         N/A       100%        3
 Ozocubu's Armour         Ice            0%         N/A       100%        3
 Stone Arrow              Conj/Erth      0%         3d7       100%        3
 Swiftness                Air            0%         N/A       100%        3
 Teleport Other           Tloc           0%         N/A       100%        3
 Vampiric Draining        Necr           0%         2d6       100%        3
 Airstrike                Air            0%         N/A       100%        4
 Dispel Undead            Necr           0%         3d6       100%        4
 Flame Wave               Conj/Fire      0%         3d3       100%        4
 Hailstorm                Conj/Ice       0%         3d3       100%        4
 Iskenderun's Mystic Bla  Conj/Tloc      0%         2d3       100%        4
 Olgreb's Toxic Radiance  Pois           0%         N/A       100%        4
 Petrify                  Tmut/Erth      0%         N/A       100%        4
 Sticky Flame             Conj/Fire      0%         2d3       100%        4
 Agony                    Necr           0%         N/A       100%        5
 Alistair's Intoxication  Tmut/Pois      0%         N/A       100%        5
 Borgnjor's Vile Clutch   Necr/Erth      0%         N/A       100%        5
 Excruciating Wounds      Necr           0%         N/A       100%        5
 Freezing Cloud           Conj/Ice/Air   0%         6-21      100%        5
 Irradiate                Conj/Tmut      0%         3d14      100%        5
 Lightning Bolt           Conj/Air       0%         1d11      100%        5
 Metabolic Englaciation   Hex/Ice        0%         N/A       100%        5
 Yara's Violent Unravell  Hex/Tmut       0%         3d3       100%        5
 Dispersal                Tloc           0%         N/A       100%        6
 Eringya's Noxious Bog    Tmut/Pois      0%         N/A       100%        6
 Starburst                Conj/Fire      0%         6d3       100%        6
 Ozocubu's Refrigeration  Ice            0%         4d5       100%        7
 Ignition                 Fire           0%         3d3       100%        8
 Call Imp                 Summ           Unusable   N/A       N/A         2
 Call Canine Familiar     Summ           Unusable   N/A       N/A         3
 Tukima's Dance           Hex            Unusable   N/A       N/A         3
 Summon Lightning Spire   Summ/Air       Unusable   N/A       N/A         4
 Death Channel            Necr           Unusable   N/A       N/A         6
 Simulacrum               Ice/Necr       Unusable   N/A       N/A         6
 Spellforged Servitor     Conj/Summ      Unusable   N/A       N/A         7

Dungeon Overview and Level Annotations

Branches:
Dungeon (15/15)            Temple (1/1) D:5            Lair (6/6) D:10
  Swamp (4/4) Lair:2        Snake (4/4) Lair:2        Slime (0/5) Lair:5
    Orc (2/2) D:9             Elf (1/3) Orc:2        Vaults (5/5) D:13
  Crypt (0/3) Vaults:2     Depths (0/4) D:15          Sewer (visited)
 Bailey (visited)           IceCv (visited)          WizLab (1/1)
Gauntlet (visited)

Altars:
Ashenzari
Cheibriados
Dithmenos
Elyvilon
Fedhas
Gozag
Hepliaklqana
Nemelex Xobeh
Okawaru
Qazlal
Ru
Trog
Uskayaw
Vehumet
Wu Jian
Xom
Yredelemnul
Zin
The Shining One
Beogh

Shops:
D:3 (   D:9 [   D:10 [   Orc:1 *   Orc:2 ?(!*   Snake:1 :   Vaults:1 [
Vaults:2 [   Vaults:4 :

Portals:
Trove: Vaults:1 (give 5 scrolls of blinking)

Annotations:
D:8 3 runed translucent doors, jasper's ghost, novice DsWz
Lair:2 2 transporters, exclusion: oklob plant, willcat's ghost, journeyman DgFi


Innate Abilities, Weirdness & Mutations

You have a pair of horns on your head.
You reflexively headbutt those who attack you in melee.


Message History

The demonspawn blood saint is almost dead.
You completely miss the demonspawn blood saint.
You headbutt the demonspawn blood saint, but do no damage.
The demonspawn blood saint is almost dead.
The demonspawn blood saint hits you with a +0 dagger.
You are engulfed in flames!
You resist.
The ice devil hits you but does no damage.
You slice the demonspawn blood saint!!
The Singing Sword sings several chords at once.
You send a blast of sound all around you.
The ice devils are blasted.
The ice devil is heavily wounded.
You kill the ice devil!
Okawaru accepts your kill.
You kill the demonspawn blood saint!
Okawaru accepts your kill.
A red devil comes into view. It is wielding a +0 trident.
A hellion comes into view.
Things that are here:
a +0 dagger; a +0 robe The hellion gestures at you.
The sphere of damnation explodes!
The damnation engulfs you!!
* * * LOW HITPOINT WARNING * * *
You hear a horrible gurgling sound!
The hellion gestures at you.
The sphere of damnation explodes!
The damnation engulfs you!!
* * * LOW HITPOINT WARNING * * *
The damnation engulfs the hellion.
The hellion completely resists.
You see here a +0 trident.
You barely miss the hellion. You headbutt the hellion!
The hellion is moderately wounded.
The hellion gestures at you.
The sphere of damnation explodes!
The damnation engulfs you!!
* * * LOW HITPOINT WARNING * * *
The damnation engulfs the hellion.
The hellion completely resists.
You closely miss the hellion.
The hellion is moderately wounded.
The hellion gestures at you.
The sphere of damnation explodes!
The damnation engulfs you!!
You die...

.. #.##...##.# .......
...##....#....##)......
.......#...#...[.......
.......∩.............
##..#...#..##.......
#....#....# .......
#.##4..##.# #......
##..##.##..## #.....
#⌠....@....⌠# ##..#
##..##2##..## ..# #.
#...##.# # #.....#.#
......... .#.....#.2
..##..?##.. .. ##.## ..


You could see an ice devil and a hellion.

Vanquished Creatures
  A dread lich (Vaults:4)
  Bai Suzhen (Snake:3)
  Saint Roka (Vaults:1)
  Vashnia (Snake:3)
  A golden dragon (Vaults:4)
  Jorgrun (Snake:2)
  A tentacled monstrosity (Swamp:3)
  A lich (Vaults:3)
  A titan (Vaults:2)
  Asterion (Snake:1)
  4 sphinxes
  Agnes (Snake:2)
  A storm dragon (Vaults:5)
  2 tengu reavers
  A shadow dragon (Vaults:2)
  7 nagarajas
  2 fire giants (Vaults:2)
  4 frost giants
  The ghost of Fuubb the Unseen, an adept OpMo of Dithmenos (Swamp:2)
  A balrug (WizLab)
  19 vault wardens
  Aizul (Vaults:3)
  Louise (Swamp:4)
  12 ironbound preservers
  3 very ugly things
  A demonspawn blood saint (WizLab)
  A war gargoyle (Vaults:2)
  2 stone giants (Vaults:5)
  2 deep elf demonologists
  A vampire knight (Vaults:2)
  A juggernaut skeleton (D:15)
  A lorocyproca (WizLab)
  2 deep elf annihilators
  2 entropy weavers
  3 dire elephants
  A minotaur (Gauntlet)
  A white draconian (IceCv)
  2 bunyips
  2 crystal guardians
  2 eleionomae
  5 ettins
  2 great orbs of eyes
  A green death (WizLab)
  A fire dragon (D:15)
  10 yaktaur captains
  44 vault guards
  The ghost of mitch45678 the Cleaver, a journeyman MiBe of Trog (D:11)
  2 peacekeepers
  14 naga warriors
  2 salamander tyrants (Snake:3)
  A ghost crab (Swamp:4)
  5 boulder beetles
  A spriggan air mage (Swamp:2)
  2 catoblepae
  A death knight (D:14)
  21 hydras
  4 ironbound thunderhulks
  10 centaur warriors
  2 ogre magi
  A merfolk avatar (Lair:6)
  10 alligators
  13 anacondas
  13 ironbound frosthearts
  6 death yaks (Lair:5)
  13 two-headed ogres
  3 tengu warriors
  3 vampire magi
  2 orc high priests (Orc:2)
  A deep troll earth mage (Vaults:2)
  14 naga sharpshooters
  Urug (D:11)
  2 spriggans (Swamp:1)
  2 soul eaters
  3 sun demons (WizLab)
  Nergalle (D:12)
  6 shock serpents
  A sixfirhy (Gauntlet)
  A storm dragon skeleton (Vaults:3)
  5 goliath frogs
  A death drake (Gauntlet)
  2 skeletal warriors
  3 spriggan druids (Swamp:4)
  6 sea snakes
  5 salamander mystics
  A shadow demon (WizLab)
  3 bog bodies
  A flayed ghost (D:10)
  5 naga ritualists
  4 glowing orange brains
  34 deep trolls
  A golden dragon skeleton (Vaults:3)
  11 swamp dragons
  5 harpies (Vaults:2)
  14 ironbound convokers
  6 wizards
  An orange crystal statue (IceCv)
  5 necromancers
  8 orc knights
  6 deep elf pyromancers
  5 phantasmal warriors
  10 mana vipers
  3 deep elf zephyrmancers (Elf:1)
  2 harpies (shapeshifter)
  15 lindwurms
  The ghost of ders the Destroyer, a novice GrEE (D:7)
  A mana viper (shapeshifter) (Vaults:2)
  A moth of wrath (D:7)
  40 ugly things
  6 manticores
  A stone giant zombie (D:15)
  6 orc sorcerers
  A wolf spider (Lair:4)
  A fire giant zombie (D:15)
  A cyclops (shapeshifter) (Vaults:4)
  A will-o-the-wisp (Lair:2)
  An iron dragon zombie (D:15)
  20 salamanders
  9 cyclopes
  2 elephants (Lair:6)
  25 black mambas
  2 spectral centaurs (Gauntlet)
  A rust devil (WizLab)
  Joseph (D:10)
  2 elf skeletons (Vaults:3)
  10 guardian serpents
  18 naga magi
  2 smoke demons (WizLab)
  A gargoyle (D:14)
  A yaktaur zombie (Vaults:3)
  2 torpor snails
  24 vault sentinels
  9 cane toads
  Maggie (Lair:1)
  10 komodo dragons
  An unseen horror (D:13)
  A freezing wraith (Vaults:2)
  2 human zombies (Vaults:3)
  The ghost of bande the Covered, a novice GrFi of Okawaru (D:5)
  19 rime drakes
  2 ice devils (WizLab)
  A tormentor (WizLab)
  A guardian mummy (D:15)
  4 tengu conjurers
  45 yaktaurs
  A yaktaur skeleton (Vaults:3)
  2 bloated husks (Swamp:1)
  A red devil (WizLab)
  16 polar bears
  A meliai (shapeshifter) (D:15)
  8 tyrant leeches
  A queen bee (Gauntlet)
  A troll (D:10)
  A sphinx simulacrum (Vaults:3)
  Prince Ribbit (D:8)
  3 hornets
  24 blink frogs
  2 ettin zombies (Vaults:3)
  A slime creature (shapeshifter) (Vaults:2)
  33 slime creatures
  6 dream sheep (Lair:6)
  A stone giant simulacrum (Vaults:3)
  2 snapping turtles (Lair:6)
  An elf zombie (Vaults:3)
  A ynoxinul (WizLab)
  A shadow (D:10)
  7 wraiths
  A water elemental (D:12)
  24 yaks
  6 wyverns
  A basilisk (Lair:5)
  20 vampire mosquitoes
  3 steam dragons
  A chaos spawn (WizLab)
  9 wargs
  50 nagas
  2 acid dragons
  11 swamp worms
  7 water moccasins
  51 orc warriors
  2 human skeletons (Vaults:3)
  A spectral hornet (Gauntlet)
  5 swamp drakes
  3 sky beasts
  An ice beast (D:7)
  A black bear (D:4)
  A boggart (Vaults:2)
  7 ogres
  9 wolves (Lair:4)
  15 centaurs
  A phantom (D:5)
  14 bullfrogs
  9 gnoll sergeants
  8 scorpions (D:5)
  9 killer bees
  4 electric eels
  4 howler monkeys
  A crimson imp (Orc:2)
  6 centaur zombies
  3 centaur skeletons
  30 orc priests
  4 jellies
  4 hounds
  8 gnoll shamans
  An iron imp (Orc:2)
  Jessica (D:2)
  Natasha (twice) (D:1)
  41 orc wizards
  A killer bee zombie (D:8)
  25 gnolls
  16 adders
  2 shadow imps
  A white imp (Orc:2)
  4 ufetubi
  An adder skeleton (D:4)
  2 worms
  4 dart slugs
  108 orcs
  12 endoplasms
  12 giant cockroaches
  4 goblins
  11 hobgoblins
  5 quokkas
  4 ball pythons
  21 bats
  9 frilled lizards
  3 kobolds
  4 rats
1504 creatures vanquished.

Vanquished Creatures (others)
  A rust devil (WizLab)
  A hellwing (WizLab)
  2 bloated husks
  4 foxfires (Lair:2)
  58 fungi
  80 plants
  3 withered plants (D:15)
149 creatures vanquished.

Grand Total: 1653 creatures vanquished

Notes
Turn   | Place    | Note
-------+----------+-------------------------------------------
     0 | D:1      | blank1 the Minotaur Fighter began the quest for the Orb.
     0 | D:1      | Reached XP level 1. HP: 19/19 MP: 0/0
    41 | D:1      | Reached XP level 2. HP: 27/27 MP: 1/1
   386 | D:1      | Reached skill level 1 in Dodging
   499 | D:1      | Reached XP level 3. HP: 27/33 MP: 2/2
   614 | D:1      | Reached skill level 4 in Fighting
   633 | D:2      | Noticed Natasha
   643 | D:1      | Killed Natasha
   936 | D:2      | Reached XP level 4. HP: 27/40 MP: 3/3
  1136 | D:1      | Noticed Natasha
  1141 | D:1      | Killed Natasha
  1321 | D:2      | Noticed Jessica
  1332 | D:2      | Killed Jessica
  1333 | D:2      | Reached XP level 5. HP: 38/47 MP: 4/4
  1860 | D:3      | Found a shadowy altar of Dithmenos.
  1872 | D:3      | Found Wiohial's Antique Weapon Shoppe.
  2202 | D:4      | Reached skill level 5 in Fighting
  2202 | D:4      | Reached skill level 5 in Axes
  2358 | D:4      | Reached XP level 6. HP: 13/56 MP: 5/5
  2396 | D:4      | Found a glowing drain.
  2429 | Sewer    | Entered a sewer
  2752 | Sewer    | Reached skill level 6 in Fighting
  2841 | Sewer    | Reached XP level 7. HP: 58/63 MP: 6/6
  3305 | D:4      | Reached skill level 5 in Armour
  3876 | D:5      | Entered Level 5 of the Dungeon
  3973 | D:5      | Reached skill level 7 in Fighting
  4410 | D:5      | Found a runed translucent gate.
  4410 | D:5      | Found a runed translucent gate.
  4410 | D:5      | Found a runed translucent gate.
  4412 | D:5      | Noticed bande's ghost (novice GrFi)
  4445 | D:5      | Reached XP level 8. HP: 68/73 MP: 7/7
  4883 | D:5      | Found a staircase to the Ecumenical Temple.
  5231 | D:5      | Reached skill level 8 in Fighting
  5309 | D:5      | Found the +7 Singing Sword {vorpal, sonic wave}
  5516 | D:5      | Killed bande's ghost
  5517 | D:5      | Reached skill level 9 in Fighting
  5610 | D:6      | Reached skill level 5 in Long Blades
  6087 | D:6      | Reached XP level 9. HP: 83/83 MP: 8/8
  6109 | Temple   | Entered the Ecumenical Temple
  6118 | Temple   | Became a worshipper of Warmaster Okawaru
  6547 | D:7      | Found a bloodstained altar of Trog.
  6547 | D:7      | Found a transporter.
  6547 | D:7      | Noticed a moth of wrath
  6547 | D:7      | Noticed ders's ghost (novice GrEE)
  6615 | D:7      | Found a transporter.
  6736 | D:7      | Identified the +9 long sword "Demon's Funeral" {vorpal, rF+
                  | Int+4 Dex+4 Stlth-}
  6745 | D:7      | Found a flagged portal.
  6760 | Bailey   | Entered a bailey
  6866 | Bailey   | Reached skill level 10 in Fighting
  6872 | Bailey   | Reached * piety under Okawaru
  6883 | Bailey   | Reached skill level 1 in Invocations
  7715 | D:8      | Reached ** piety under Okawaru
  8046 | D:8      | Reached XP level 10. HP: 90/93 MP: 9/11
  8077 | D:8      | Found a runed translucent gate.
  8078 | D:8      | Found a runed translucent gate.
  8079 | D:8      | Found a runed translucent gate.
  8081 | D:8      | Noticed a green ugly thing
  8081 | D:8      | Noticed a brown ugly thing
  8081 | D:8      | Noticed a green ugly thing
  8088 | D:8      | Noticed Prince Ribbit
  8098 | D:8      | Killed Prince Ribbit
  8335 | D:8      | Noticed a two-headed ogre
  8342 | D:8      | Killed a two-headed ogre
  8342 | D:8      | Reached *** piety under Okawaru
  8477 | D:8      | Noticed a two-headed ogre
  8491 | D:8      | Killed a two-headed ogre
  8720 | D:7      | Killed ders's ghost
  8720 | D:7      | Reached **** piety under Okawaru
  8722 | D:7      | Killed a moth of wrath
  8723 | D:7      | Reached skill level 11 in Fighting
  8832 | D:8      | Killed a brown ugly thing
  8833 | D:8      | Reached skill level 10 in Long Blades
  8836 | D:8      | Killed a red ugly thing
  8839 | D:8      | Killed a purple ugly thing
  8927 | D:8      | Found a runed translucent gate.
  8927 | D:8      | Found a runed translucent gate.
  8934 | D:8      | Found a runed translucent gate.
  8934 | D:8      | Noticed jasper's ghost (novice DsWz)
  8996 | D:8      | Noticed a cyclops
  9002 | D:8      | Killed a cyclops
  9003 | D:8      | Reached XP level 11. HP: 102/102 MP: 13/13
  9015 | D:8      | Noticed a two-headed ogre
  9024 | D:8      | Killed a two-headed ogre
  9024 | D:8      | Reached ***** piety under Okawaru
  9472 | D:9      | Found a staircase to the Orcish Mines.
  9472 | D:9      | Found Riproili's Armour Boutique.
 10147 | D:10     | Entered Level 10 of the Dungeon
 10260 | D:10     | Identified the +5 great sword of Ragnarok {antimagic, rC+
                  | rCorr Dex-5} (Okawaru gifted it to you on level 10 of the
                  | Dungeon)
 10260 | D:10     | Received a gift from Okawaru
 10405 | D:10     | Found Symiw's Armour Boutique.
 10413 | D:10     | Bought the +8 plate armour of Broken Taboos {rC+} for 1001
                  | gold pieces
 10660 | D:10     | Found a staircase to the Lair.
 10876 | D:10     | Noticed Joseph
 10889 | D:10     | Killed Joseph
 10890 | D:10     | Reached skill level 12 in Fighting
 10899 | D:10     | Reached skill level 10 in Shields
 11053 | D:10     | Found a stormy altar of Qazlal.
 11064 | D:10     | Found a runed translucent door.
 11069 | D:10     | Found an ornate altar of the Wu Jian Council.
 11081 | D:10     | Found a basalt altar of Yredelemnul.
 11094 | D:10     | Found a blossoming altar of Fedhas.
 11123 | D:10     | Noticed a flayed ghost
 11149 | D:10     | Found a sacrificial altar of Ru.
 11169 | D:10     | Found a hide-covered altar of Uskayaw.
 11195 | D:10     | Killed a flayed ghost
 11279 | Lair:1   | Entered Level 1 of the Lair of Beasts
 11438 | Lair:1   | Noticed Maggie
 11440 | Lair:1   | Reached skill level 10 in Armour
 11442 | Lair:1   | Killed Maggie
 11442 | Lair:1   | Received a gift from Okawaru
 11443 | Lair:1   | Reached XP level 12. HP: 105/113 MP: 14/14
 11446 | Lair:1   | Reached skill level 13 in Fighting
 11462 | Lair:1   | Noticed a four-headed hydra
 11472 | Lair:1   | Killed a one-headed hydra
 11473 | Lair:1   | Reached skill level 5 in Dodging
 11609 | Lair:1   | You are sucked into a shaft and drop 1 floor!
 11639 | Lair:2   | Reached ****** piety under Okawaru
 11654 | Lair:2   | Identified the +3 scale mail "Avaam" {Int+4} (Okawaru
                  | gifted it to you on level 2 of the Lair of Beasts)
 11654 | Lair:2   | Received a gift from Okawaru
 11786 | Lair:2   | Noticed an eight-headed hydra
 11797 | Lair:2   | Found a staircase to the Snake Pit.
 12417 | Lair:2   | Found a transporter.
 12420 | Lair:2   | Found a transporter.
 12499 | Lair:2   | Noticed willcat's ghost (journeyman DgFi)
 12643 | Lair:2   | Found a staircase to the Swamp.
 12649 | Lair:2   | Identified the +8 shortbow of the Glimmering Sybil {freeze,
                  | rC++ Int-5}
 13284 | Lair:3   | Noticed a six-headed hydra
 13299 | Lair:3   | Killed a one-headed hydra
 13397 | Lair:3   | Reached skill level 15 in Shields
 14152 | Lair:4   | Noticed a four-headed hydra
 14164 | Lair:4   | Killed a one-headed hydra
 14515 | Lair:4   | Reached skill level 14 in Fighting
 14515 | Lair:4   | Reached XP level 13. HP: 124/124 MP: 15/15
 14941 | Lair:5   | Received a gift from Okawaru
 15287 | Lair:5   | Found a staircase to the Slime Pits.
 15348 | Lair:5   | Reached skill level 15 in Fighting
 15350 | Lair:5   | Reached skill level 15 in Armour
 15935 | Lair:6   | Entered Level 6 of the Lair of Beasts
 16563 | Lair:6   | Received a gift from Okawaru
 17000 | Lair:6   | Found a blossoming altar of Fedhas.
 17094 | Lair:6   | Reached skill level 16 in Fighting
 17456 | Lair:6   | Got the Handbook of Creative Curses
 17481 | Lair:6   | Received a gift from Okawaru
 17557 | Lair:6   | Identified a scroll of acquirement
 17557 | Lair:6   | Acquired an amulet of regeneration
 17977 | D:11     | Found a runed translucent gate.
 17977 | D:11     | Found a runed translucent gate.
 17978 | D:11     | Found a runed translucent gate.
 17981 | D:11     | Noticed mitch45678's ghost (journeyman MiBe)
 17991 | D:11     | Killed mitch45678's ghost
 18038 | D:11     | Identified the +0 leather armour of Thoughtfulness {-Tele
                  | Fly rC+}
 18204 | D:11     | Reached XP level 14. HP: 137/137 MP: 16/16
 18426 | D:11     | Noticed Urug
 18433 | D:11     | Killed Urug
 18641 | D:11     | Found a stormy altar of Qazlal.
 18967 | D:12     | Noticed Nergalle
 18973 | D:12     | Killed Nergalle
 19001 | D:12     | Found a gate leading to a gauntlet.
 19018 | Gauntlet | Entered a Gauntlet
 19018 | Gauntlet | Found a transporter.
 19018 | Gauntlet | Found a transporter.
 19022 | Gauntlet | Found a transporter.
 19022 | Gauntlet | Found a transporter.
 19024 | Gauntlet | Found a large runed translucent door.
 19025 | Gauntlet | Found a large runed translucent door.
 19026 | Gauntlet | Found a large runed translucent door.
 19026 | Gauntlet | Found a large runed translucent door.
 19026 | Gauntlet | Found a runed translucent door.
 19026 | Gauntlet | Found a runed translucent door.
 19027 | Gauntlet | Found a large runed translucent door.
 19027 | Gauntlet | Found a large runed translucent door.
 19027 | Gauntlet | Found a large runed translucent door.
 19027 | Gauntlet | Found a large runed translucent door.
 19028 | Gauntlet | Found a large runed translucent door.
 19029 | Gauntlet | Found a large runed translucent door.
 19029 | Gauntlet | Found a transporter.
 19042 | Gauntlet | Found a large runed translucent door.
 19042 | Gauntlet | Found a large runed translucent door.
 19043 | Gauntlet | Found a large runed translucent door.
 19043 | Gauntlet | Found a large runed translucent door.
 19043 | Gauntlet | Found a large runed translucent door.
 19043 | Gauntlet | Found a large runed translucent door.
 19046 | Gauntlet | Found a runed translucent gate.
 19046 | Gauntlet | Found a runed translucent gate.
 19046 | Gauntlet | Found a runed translucent gate.
 19048 | Gauntlet | Found a transporter.
 19058 | Gauntlet | Found a transporter.
 19061 | Gauntlet | Found a transporter.
 19065 | Gauntlet | Found a transporter.
 19086 | Gauntlet | Found a transporter.
 19093 | Gauntlet | Found a transporter.
 19111 | Gauntlet | Found a transporter.
 19149 | Gauntlet | Found a transporter.
 19165 | Gauntlet | Found a transporter.
 19267 | Gauntlet | Found a transporter.
 19283 | Gauntlet | Found a transporter.
 19479 | Gauntlet | Reached skill level 17 in Fighting
 19493 | Gauntlet | Identified the +2 chain mail of the Lich-sworn {Str+4}
 19494 | Gauntlet | Identified the +0 hat of Grace {Int+4}
 19557 | Gauntlet | Identified the +0 trident of Kaoghug {holy, +Blink Int+2}
 20378 | D:13     | Reached skill level 18 in Fighting
 20379 | D:13     | Paralysed by something for 6 turns
 20485 | D:13     | Received a gift from Okawaru
 20486 | D:13     | Found a gate to the Vaults.
 21418 | D:14     | Acquired 942 gold pieces
 21421 | D:14     | Acquired the +0 cloak of the Apprentice {Contam Int+2
                  | Slay+5 SInv}
 21576 | D:14     | Reached skill level 19 in Fighting
 21619 | D:14     | Reached XP level 15. HP: 150/152 MP: 17/17
 21834 | D:14     | Identified the +0 crystal plate armour "Vakenaz" {Harm
                  | rPois rF+} (Okawaru gifted it to you on level 14 of the
                  | Dungeon)
 21834 | D:14     | Received a gift from Okawaru
 21857 | D:14     | Reached skill level 15 in Long Blades
 22106 | D:15     | Entered Level 15 of the Dungeon
 22462 | D:15     | Found a staircase to the Depths.
 22477 | D:15     | Reached skill level 20 in Fighting
 23053 | D:15     | Found a glowing silver altar of Zin.
 23229 | Orc:1    | Entered Level 1 of the Orcish Mines
 23402 | Orc:1    | Found Xuoh's General Store.
 23610 | Orc:2    | Entered Level 2 of the Orcish Mines
 23610 | Orc:2    | Found a staircase to the Elven Halls.
 23692 | Orc:2    | Reached skill level 5 in Invocations
 23927 | Orc:2    | Received a gift from Okawaru
 23942 | Orc:2    | Reached skill level 10 in Dodging
 24308 | Orc:2    | Found the +0 mask of the Dragon {Will+ Slay+3 SInv}
 24497 | Orc:2    | Found Ykuelodgh's Antique Weapon Boutique.
 24497 | Orc:2    | Found Gozuitod's Magic Scroll Boutique.
 24498 | Orc:2    | Found Korchay's Distillery.
 24502 | Orc:2    | Found Atounotime's Assorted Antiques.
 24758 | Swamp:1  | Entered Level 1 of the Swamp
 24945 | Swamp:1  | Received a gift from Okawaru
 25352 | Swamp:2  | Reached XP level 16. HP: 165/165 MP: 19/19
 25369 | Swamp:2  | Found a frozen archway.
 25407 | IceCv    | Entered an ice cave
 25409 | IceCv    | Acquired 1075 gold pieces
 25482 | IceCv    | Reached skill level 21 in Fighting
 25775 | IceCv    | Reached skill level 22 in Fighting
 25982 | Swamp:2  | Acquired the ring "Kiotosch" {rN+ rCorr Int+5 Stlth-}
 26164 | Swamp:2  | Found a large runed translucent door.
 26164 | Swamp:2  | Found a large runed translucent door.
 26167 | Swamp:2  | Noticed Fuubb's ghost (adept OpMo)
 26446 | Swamp:2  | Killed Fuubb's ghost
 26539 | Swamp:3  | Noticed a tentacled monstrosity
 26549 | Swamp:3  | Killed a tentacled monstrosity
 26568 | Swamp:3  | Received a gift from Okawaru
 27088 | Swamp:4  | Entered Level 4 of the Swamp
 27346 | Swamp:4  | Reached skill level 23 in Fighting
 27378 | Swamp:4  | Noticed Louise
 27400 | Swamp:4  | Killed Louise
 27423 | Swamp:3  | HP: 6/172 [seven-headed hydra (10)]
 27548 | Swamp:4  | Reached XP level 17. HP: 98/179 MP: 20/20
 28264 | Swamp:4  | Got a decaying rune of Zot
 28430 | Snake:1  | Entered Level 1 of the Snake Pit
 28440 | Snake:1  | Identified the +0 pair of gloves "Naeceroz" {rElec rPois
                  | Will-} (Okawaru gifted it to you on level 1 of the Snake
                  | Pit)
 28440 | Snake:1  | Received a gift from Okawaru
 28795 | Snake:1  | Found Ehuorrat's Self-Improvement Boutique.
 28828 | Snake:1  | Bought a manual of Invocations for 1280 gold pieces
 29467 | Snake:1  | Noticed Asterion
 29479 | Snake:1  | Killed Asterion
 29520 | Snake:2  | Noticed Jorgrun
 29526 | Snake:2  | Killed Jorgrun
 29998 | Snake:2  | Noticed Agnes
 30006 | Snake:2  | Killed Agnes
 30169 | Snake:2  | Received a gift from Okawaru
 30434 | Snake:3  | Reached skill level 24 in Fighting
 30447 | Snake:3  | Noticed Bai Suzhen
 30592 | Snake:3  | Killed Bai Suzhen
 30593 | Snake:3  | Reached skill level 10 in Invocations
 30713 | Snake:3  | Noticed Vashnia
 30865 | Snake:3  | Killed Vashnia
 30865 | Snake:3  | Received a gift from Okawaru
 30979 | Snake:3  | Reached XP level 18. HP: 168/191 MP: 24/24
 31331 | Snake:3  | Identified the +5 shortbow "Xom's Sleight of Hands" {flame,
                  | Str+5}
 31349 | Snake:4  | Entered Level 4 of the Snake Pit
 32663 | Snake:4  | Reached skill level 25 in Fighting
 32722 | Snake:4  | Identified the +0 scale mail "Kycseut" {rF+ SInv} (Okawaru
                  | gifted it to you on level 4 of the Snake Pit)
 32722 | Snake:4  | Received a gift from Okawaru
 33121 | Snake:4  | Reached skill level 15 in Dodging
 33172 | Snake:4  | Got a serpentine rune of Zot
 33568 | Vaults:1 | Entered Level 1 of the Vaults
 33627 | Vaults:1 | Noticed Saint Roka
 33644 | Vaults:1 | Killed Saint Roka
 33728 | Vaults:1 | Found Acoxef's Armour Shoppe.
 34229 | Vaults:1 | Received a gift from Okawaru
 34231 | Vaults:1 | Reached XP level 19. HP: 110/203 MP: 25/27
 34496 | Vaults:1 | Reached skill level 26 in Fighting
 34749 | Vaults:1 | Found a portal to a secret trove of treasure.
 35224 | Vaults:2 | Found Puaqiebb's Armour Shoppe.
 35367 | Vaults:2 | Reached skill level 27 in Fighting
 35677 | Vaults:2 | Received a gift from Okawaru
 35807 | Vaults:2 | Found a staircase to the Crypt.
 36429 | Vaults:2 | Acquired 843 gold pieces
 36974 | Vaults:3 | Received a gift from Okawaru
 37437 | Vaults:3 | Reached XP level 20. HP: 216/216 MP: 28/28
 37469 | Vaults:3 | Noticed Aizul
 37481 | Vaults:3 | Killed Aizul
 37791 | Vaults:3 | Received a gift from Okawaru
 38338 | Vaults:3 | Identified the +10 scimitar of Valour {flame, +Blink}
 38446 | Vaults:4 | Identified the +9 flail "Deokic" {vorpal, +Blink}
 38812 | Vaults:4 | Received a gift from Okawaru
 38884 | Vaults:4 | Got Cyiff's Tome of Sinister Rites
 39342 | Vaults:4 | Identified the +7 broad axe of the Wasteland {vorpal, rElec
                  | Int+6} (Okawaru gifted it to you on level 4 of the Vaults)
 39342 | Vaults:4 | Received a gift from Okawaru
 39430 | Vaults:4 | Found Otullu's Book Emporium.
 39446 | Vaults:4 | Bought a manual of Armour for 1280 gold pieces
 39671 | Vaults:5 | Entered Level 5 of the Vaults
 39727 | Vaults:4 | Reached XP level 21. HP: 182/224 MP: 31/31
 39841 | Vaults:5 | Noticed a golden dragon
 39844 | Vaults:5 | Noticed a dread lich
 39845 | Vaults:5 | Reached skill level 15 in Invocations
 39849 | Vaults:5 | Paralysed by a sphinx for 6 turns
 39854 | Vaults:5 | Noticed a golden dragon
 39859 | Vaults:4 | Killed a dread lich
 39860 | Vaults:4 | Paralysed by a sphinx for 3 turns
 40032 | Vaults:4 | Killed a golden dragon
 40301 | D:10     | Bought a +2 pair of gloves of strength for 279 gold pieces
 40386 | Orc:2    | Bought a scroll of enchant armour for 105 gold pieces
 40388 | Orc:2    | Bought a scroll of enchant armour for 210 gold pieces
 40425 | Elf:1    | Entered Level 1 of the Elven Halls
 40484 | Elf:1    | Found a magical portal.
 40489 | WizLab   | Entered The Hall of the Hellbinder
 40510 | WizLab   | Received a gift from Okawaru
 40560 | WizLab   | Killed from afar by a hellion

Illustrated notes

Levels and vault maps discovered:
D:1:      ncdulo_watergridlock, layout_loops_ring, minmay_pentomino_v2
D:2:      layout_rooms, uniq_natasha, uniq_jessica
D:3:      layout_rooms, grunt_dithmenos_smoke, serial_shops, shop
D:4:      layout_layer_cave, gup_sewer_entry_glass
D:5:      old_forge, layout_layer_cave, minmay_temple_entry_from_below_b,
          gammafunk_ghost_necromancy
D:6:      layout_gridville, chequers_serial_rivers_micro_b
D:7:      layout_basic, gammafunk_ghost_wrathful_warriors, enter_bailey_2
D:8:      layout_basic, ploomutoo_gammafunk_ghost_potion_laboratory,
          hellmonk_guarded_unrand_dark_maul, uniq_prince_ribbit1
D:9:      layout_irregular_city, orc_david_3, chequers_serial_rivers_small_3
D:10:     due_megacathedral, layout_basic, serial_shops, shop, special_room
          [special_room_orc], nooodl_orcs_dogs, uniq_joseph
D:11:     layout_layer_cave, ebering_ghost_rock_garden,
          nicolae_qazlal_style_of_elements, uniq_urug
D:12:     wander_river, layout_basic, gauntlet_entry_generic,
          minmay_sticks_and_stones, uniq_nergalle
D:13:     layout_basic, david_vaults_2
D:14:     layout_irregular_city, minmay_misc_feat_square, kennysheep_cross_room
D:15:     gammafunk_depths_entry_grave, layout_basic, zin_angel
Temple:   dpeg_three_leaves_temple
Lair:1:   layout_gridlike, uniq_maggie
Lair:2:   layout_regular_city, minmay_swamp_entry_wisps,
          guppyfry_snake_entry_garden, nzn_ghost_randoct, serial_bayou_shore_b
Lair:3:   layout_cellular_growth
Lair:4:   layout_small_grid, nicolae_lair_run_with_the_wolves
Lair:5:   layout_regular_city, nicolae_slime_entry_slimehenge,
          grunt_megastairs_2
Lair:6:   gammafunk_lair_ancient_temple, layout_gridlike, basic_altar,
          nicolae_quartered_pool_super
Swamp:1:  layout_basic_swamp, nicolae_swamp_oxbows, infiniplex_staircase_pool
Swamp:2:  layout_basic_swamp, portal_ice_cave_entry_pillars_2,
          ebering_ghost_disaster_area, evilmike_swamp_ruin_rubble_1
Swamp:3:  layout_basic_swamp, nicolae_swamp_triple_paths,
          cheibrodos_swamp_pet_leeches
Swamp:4:  swamp_alternative, layout_basic_swamp, uniq_louise
Snake:1:  layout_cave_pods, st_stairs_5, nicolae_shop_self_help, uniq_asterion
Snake:2:  layout_onion_interference, nicolae_snake_salamander_stairs,
          uniq_agnes, uniq_jorgrun
Snake:3:  layout_onion_interference, uniq_bai_suzhen, uniq_vashnia
Snake:4:  grunt_snake_rune_pools, layout_chambers, abandoned_shop
Orc:1:    layout_caves, serial_shops, shop
Orc:2:    st_orc_mages, layout_diamond_mine, hangedman_minor_magic
Elf:1:    elf_arrival_002, layout_loops_corners, mu_enter_wizlab_2,
          hangedman_elf_represent, einodemon_crawler_minivault, uniq_azrael
Vaults:1: nicolae_vaults_little_squares_3, vaults_mumra_hexcomb,
          hangedman_vaults_hat, grunt_vaults_focal, hangedman_vaults_variations,
          v_rooms_3, nicolae_vaults_theta, v_pattern_1,
          vaults_standard_mumra_lines, vaults_dpeg_cross, vaults_room_octagon,
          vaults_dpeg_diagonal, special_room_vaults [special_room_orc],
          v_misc_13, layout_vaults_big_room, enter_trove_3, serial_shops,
          nicolae_shop_waterfront, uniq_saint_roka
Vaults:2: st_greater_box_1, minmay_crypt_entry_simple_box, v_alt_pattern_1,
          nicolae_vaults_ninety_degrees, v_misc_29, nicolae_vaults_alarming,
          hangedman_vaults_slice, v_alt_pattern_1, hangedman_vaults_restitches,
          nicolae_vaults_little_squares_4, nicolae_vaults_shelves_hall,
          nicolae_vaults_yaktaur_gun_rack, vaults_room_hallway,
          layout_vaults_omnicross, serial_shops, nicolae_shop_crystal
Vaults:3: vaults_room_fancy_cross, vaults_room_ringed_pool,
          ontoclasm_vaults_twist, v_misc_14, v_misc_10, hangedman_vaults_slice,
          v_rooms_1, v_misc_13, nicolae_vaults_windows_and_doors_thing,
          hangedman_vaults_impose, ontoclasm_vaults_loading_screen,
          vaults_room_glass_cross, nicolae_vaults_little_squares_6,
          ontoclasm_vaults_spin, hangedman_vaults_stitches, v_alt_pattern_3,
          layout_vaults_maze_bifur, uniq_aizul
Vaults:4: v_misc_28, vaults_dpeg_hooks, hangedman_vaults_river_flow,
          grunt_vaults_bifocal, vaults_room_stairs_pillars, v_misc_19,
          vaults_room_door_ring, v_misc_11, nicolae_vaults_back_hallway,
          vaults_room_pools, v_misc_30, layout_vaults_omnibox, serial_shops,
          shop
Vaults:5
WizLab:   wizlab_demon

Skill      XL: |  1  2  3  4  5  6  7  8  9 10 11 12 13 14 15 16 17 18 19 20 21 |
---------------+----------------------------------------------------------------+-----
Dodging        | 1 2 3 4 6 8 9 10 11 12 15 16 17 | 17.3
Shields        | 4 8 10 15 16 | 16.0
Fighting       | 4 5 6 7 9 10 11 12 14 16 19 20 23 24 25 27 | 27.0
Armour         | 4 5 6 8 10 12 16 18 20 21 23 24 | 24.5
Axes           | 3 4 5 6 7 8 |  8.0
Long Blades    | 5 8 11 12 13 14 16 17 | 17.0
Invocations    | 3 4 6 10 12 14 15 | 15.5

Action                   |  1- 3 |  4- 6 |  7- 9 | 10-12 | 13-15 | 16-18 | 19-21 || total
-------------------------+-------+-------+-------+-------+-------+-------+-------++-------
Melee: War axe           |    46 |   169 |   135 |       |       |       |       ||   350
       Headbutt          |     5 |    19 |    41 |    49 |   121 |   237 |   200 ||   672
       Double sword      |       |       |   103 |   307 |   648 |   899 |   759 ||  2716
       Unarmed           |       |       |       |     9 |       |       |       ||     9
       Hand axe          |       |       |       |    21 |    18 |    21 |       ||    60
Invok: Heroism           |       |       |       |     1 |     1 |     1 |       ||     3
       Finesse           |       |       |       |       |       |     2 |       ||     2
  Use: Scroll            |       |     9 |     7 |     1 |    10 |     6 |    13 ||    46
       Potion            |       |       |       |       |       |     7 |     1 ||     8
Armor: Scale mail        |    13 |    89 |    50 |       |       |       |       ||   152
       Chain mail        |       |       |    54 |       |       |       |       ||    54
       Plate armour      |       |       |    78 |   135 |   272 |   477 |   280 ||  1242
       Gold dragon scale |       |       |       |       |       |       |    15 ||    15
Dodge: Dodged            |    24 |    83 |   115 |    75 |   164 |   393 |   246 ||  1100
Block: Buckler           |    11 |    32 |    92 |    11 |       |       |       ||   146
       Kite shield       |       |       |       |   173 |   411 |   633 |   341 ||  1558
       Reflection        |       |       |       |     1 |     3 |       |       ||     4

Table legend: (Time is in decaauts)
 A = Elapsed time spent in this place.
 B = Non-inter-level travel time spent in this place.
 C = Inter-level travel time spent in this place.
 D = Time resting spent in this place.
 E = Time spent auto-exploring this place.
 F = Levels seen in this place.
 G = Mean time per level.
                   A        B        C        D        E       F      G
               +--------+--------+--------+--------+--------+-----+--------+
         Total |  40315 |  36988 |   3327 |   3553 |  23009 |  43 |  937.6 |
       Dungeon |  15440 |  14105 |   1335 |    357 |  10927 |  15 | 1029.3 |
        Temple |     18 |     10 |      8 |      0 |      0 |   1 |   18.0 |
          Lair |   6853 |   6285 |    568 |    976 |   4180 |   6 | 1142.2 |
         Swamp |   3097 |   2873 |    224 |    508 |   1541 |   4 |  774.2 |
     Snake Pit |   4768 |   4440 |    328 |    540 |   1983 |   4 | 1192.0 |
  Orcish Mines |   1470 |   1339 |    131 |     89 |    755 |   2 |  735.0 |
   Elven Halls |     60 |     60 |      0 |      0 |      0 |   1 |   60.0 |
        Vaults |   6387 |   5655 |    732 |    658 |   2969 |   5 | 1277.4 |
         Sewer |    525 |    525 |      0 |    175 |      0 |   1 |  525.0 |
        Bailey |    522 |    522 |      0 |    156 |    103 |   1 |  522.0 |
      Ice Cave |    555 |    555 |      0 |     77 |    279 |   1 |  555.0 |
        Wizlab |     59 |     59 |      0 |      0 |      5 |   1 |   59.0 |
      Gauntlet |    558 |    558 |      0 |     17 |    266 |   1 |  558.0 |
               +--------+--------+--------+--------+--------+-----+--------+

Top non-repeatable levels by time:
 Snake:4: 1891 daAuts
Vaults:2: 1867 daAuts
     D:5: 1714 daAuts
     D:8: 1672 daAuts
Vaults:1: 1606 daAuts
  Lair:5: 1513 daAuts
Vaults:4: 1495 daAuts
Vaults:3: 1379 daAuts
     D:4: 1352 daAuts
  Lair:6: 1336 daAuts
    D:13: 1250 daAuts
    D:10: 1245 daAuts
  Lair:2: 1136 daAuts
 Snake:2: 1121 daAuts
 Swamp:3: 1093 daAuts
